 Dungeon Crawl Stone Soup version 0.29.0-4-gdea44cf6ec (webtiles) character file.

Game seed: 15043477775346638836

40 qw the Chopper (level 3, 0/21 HPs)
             Began as a Tengu Warper on Aug 28, 2022.
             Slain by a gnoll
             ... wielding a +0 flail
              (3 damage)
             ... on level 2 of the Dungeon.
             The game lasted 00:00:06 (989 turns).

qw the Chopper (Tengu Warper)                        Turns: 989, Time: 00:00:06

Health: 0/21       AC:  5    Str: 13    XL:     3   Next: 50%
Magic:  7/7        EV: 11    Int: 13    God:
Gold:   125        SH:  0    Dex: 13    Spells: 6/6 levels left

rFire   . . .      SeeInvis .   Y - +0 hand axe
rCold   . . .      Faith    .   (no shield)
rNeg    . . .      Spirit   .   h - +0 ring mail
rPois   .          Reflect  .   (helmet restricted)
rElec   .          Harm     .   (no cloak)
rCorr   .          Rampage  .   (no gloves)
Will    .....                   (boots unavailable)
Stlth   +.........              (no amulet)
HPRegen 0.07/turn               (no ring)
MPRegen 0.10/turn               (no ring)

@: no status effects
A: beak, talons 3
a: no special abilities


You were on level 2 of the Dungeon.
You visited 1 branch of the dungeon, and saw 2 of its levels.

You collected 125 gold pieces.


Innate Abilities, Weirdness & Mutations

You have a beak for a mouth.
You have claws for feet.


   Skills:
 - Level 2.0 Fighting
 + Level 4.2 Axes
 - Level 1.0 Throwing
 - Level 1.1 Armour
 - Level 2.1 Dodging
 - Level 2.0 Spellcasting
 - Level 2.4 Translocations


You had 6 spell levels left.
You didn't know any spells.
Your spell library contained the following spells:

 Spells                   Type           Power      Damage    Failure   Level
 Blink                    Tloc           14%        N/A       30%         2
 Gell's Gravitas          Tloc           7%         N/A       52%         3
 Lesser Beckoning         Tloc           7%         N/A       52%         3
 Teleport Other           Tloc           7%         N/A       52%         3
 Manifold Assault         Tloc           7%         N/A       99%         5

Inventory:

Hand Weapons
 d - a +0 mace of protection
 Y - a +0 hand axe (weapon)
Armour
 h - a +0 ring mail (worn)
Scrolls
 a - 2 scrolls of identify
 b - a scroll of enchant armour
Potions
 c - a potion of brilliance {unknown}
 j - a potion of might
 k - a potion of curing

Dungeon Overview and Level Annotations

Branches:
Dungeon (2/15)

Altars:


Message History

You open the door.
There is an open door here.
A jackal comes into view.
The jackal barks!
You hear a shout!
A gnoll comes into view. It is wielding a +0 flail.
A gnoll comes into view. It is wielding a +0 whip.
A gnoll comes into view. It is wielding a +0 spear.
The gnoll shouts!
The jackal barely misses you. The jackal closely misses you.
You hit the jackal. You claw the jackal.
The jackal is almost dead.
A jackal comes into view.
The jackal bites you but does no damage.
The jackal barks!
You slash the jackal!
You kill the jackal!
You hit the gnoll but do no damage. The gnoll hits you with a +0 flail.
You hit the gnoll but do no damage. You claw the gnoll.
The gnoll is moderately wounded.
You hit the gnoll but do no damage. The gnoll hits you with a +0 flail.
The gnoll closely misses you. The gnoll barely misses you.
The gnoll misses you.
You hit the gnoll. You claw the gnoll.
The gnoll is heavily wounded.
You barely miss the gnoll. The gnoll barely misses you.
The gnoll hits you but does no damage. The gnoll barely misses you.
You hit the gnoll but do no damage. Your kick misses the gnoll.
You peck the gnoll.
The gnoll is severely wounded.
You completely miss the gnoll. The jackal barely misses you.
The gnoll hits you with a +0 flail! The gnoll hits you but does no damage.
The gnoll hits you with a +0 whip.
You hit the gnoll but do no damage. You peck the gnoll, but do no damage.
The gnoll is severely wounded.
You hit the jackal but do no damage. You hit the gnoll.
The jackal bites you but does no damage.
The gnoll barely misses you. The gnoll hits you with a +0 flail.
You die...

######### ........#
........# ########
......gg#########......#
.....gh@........'.....%.
........#########......#
......... #......#
........#### #..)...#
######.......####......#
#.#.##............. ..
..#.............
####.#.........#...
#......##......#...


You could see 3 gnolls and a jackal.

Vanquished Creatures
  An adder (D:2)
  A worm (D:2)
  4 ball pythons
  3 endoplasms
  A goblin (D:1)
  2 hobgoblins
  5 jackals (D:2)
  2 quokkas
  A bat (D:2)
  3 frilled lizards
  2 kobolds
  2 rats (D:1)
27 creatures vanquished.

Notes
Turn   | Place    | Note
-------+----------+-------------------------------------------
     0 | D:1      | qw the Tengu Warper began the quest for the Orb.
     0 | D:1      | Reached XP level 1. HP: 12/12 MP: 4/4
     0 | D:1      | 0 ||| qw: Version: 0.1-a-89-g26bdef1
     0 | D:1      | 0 ||| qw: Game counter: 500
     0 | D:1      | 0 ||| qw: Always use a shield: true
     0 | D:1      | 0 ||| qw: God list: Okawaru
     0 | D:1      | 0 ||| qw: Allow faded altars: false
     0 | D:1      | 0 ||| qw: Do Orc after D:15 true
     0 | D:1      | 0 ||| qw: Do second Lair branch before Depths: true
     0 | D:1      | 0 ||| qw: Lair rune preference: random
     0 | D:1      | 0 ||| qw: Plans: Normal
     0 | D:1      | 0 ||| PLANNING D:1-11
   208 | D:1      | Reached XP level 2. HP: 17/17 MP: 6/6
   222 | D:1      | Reached skill level 3 in Axes
   234 | D:1      | 234 ||| DROPPING +0 whip.
   276 | D:1      | Found a faded altar of an unknown god.
   539 | D:1      | 539 ||| UPGRADING to +0 ring mail.
   549 | D:1      | 549 ||| DROPPING +0 leather armour.
   550 | D:1      | 550 ||| DROPPING ring of magical power.
   551 | D:1      | 551 ||| READING 4 scrolls labelled TIVAXIRIPT.
   552 | D:1      | 552 ||| READING scroll labelled VIBECH JEOSU.
   556 | D:1      | 556 ||| READING scroll labelled DEFIGA MYAPTAMM.
   557 | D:1      | 557 ||| READING 3 scrolls of identify.
   557 | D:1      | 557 ||| IDENTIFYING emerald potion
   558 | D:1      | 558 ||| READING 2 scrolls of identify.
   558 | D:1      | 558 ||| IDENTIFYING grey potion
   559 | D:1      | 559 ||| DROPPING scroll of blinking.
   597 | D:2      | 597 ||| Stepping ~*~*~tactically~*~*~ (stealth).
   721 | D:2      | Reached XP level 3. HP: 19/21 MP: 7/7
   857 | D:2      | Reached skill level 4 in Axes
   928 | D:2      | 928 ||| Stepping ~*~*~tactically~*~*~ (stealth).
   929 | D:2      | 929 ||| Stepping ~*~*~tactically~*~*~ (stealth).
   988 | D:2      | HP: 5/21 [gnoll/+0 flail (9)]
   989 | D:2      | Slain by a gnoll

Levels and vault maps discovered:
D:1:      erik_arrival_blinker_ship, layout_rooms, basic_ecumenical_altar
D:2:      layout_basic

Skill      XL: |  1  2  3 |
---------------+----------+-----
Axes           | 3 4 |  4.2
Fighting       | |  2.0
Throwing       | |  1.0
Armour         | |  1.1
Dodging        | |  2.1
Spellcasting   | |  2.0
Translocations | |  2.4

Action                   || total
-------------------------++-------
Melee: Hand axe          ||    58
       Kick              ||    13
       Peck              ||     7
Throw: Boomerang         ||     7
  Use: Scroll            ||     5
Armor: Leather armour    ||     6
       Ring mail         ||    12
Dodge: Dodged            ||    37

Table legend:
 A = Non-vault XP
 B = Vault XP
 C = Vault XP percentage of total XP
 D = Non-vault monster count
 E = Vault monster count
 F = Vault count percentage of total count
                 A         B        C        D         E       F
            +---------+---------+-------+---------+---------+-------
      Total |      58 |       0 |   0.0 |      27 |       0 |   0.0
            +---------+---------+-------+---------+---------+-------
        D:1 |      18 |       0 |   0.0 |      12 |       0 |   0.0
        D:2 |      40 |       0 |   0.0 |      15 |       0 |   0.0
            +---------+---------+-------+---------+---------+-------
